 Dungeon Crawl Stone Soup version 0.23-a0-143-g1adec7b (webtiles) character file.

212 taqueso the Slasher (level 5, 0/36 HPs)
             Began as an Octopode Monk on Sept 3, 2018.
             Slain by an ooze (2 damage)
             ... on level 2 of the Dungeon.
             The game lasted 00:07:32 (3305 turns).

taqueso the Slasher (Octopode Monk)                 Turns: 3305, Time: 00:07:32

Health: 0/36       AC: -7    Str:  9 (10) XL:     5   Next: 90%
Magic:  5/5        EV: 15    Int: 11 (12) God:
Gold:   27         SH:  0    Dex: 16      Spells: 4/4 levels left

rFire    . . .     SeeInvis .   a - +0 falchion
rCold    . . .     Gourm    .   (no shield)
rNeg     . . .     Faith    .   (helmet restricted)
rPois    .         Spirit   .   (no amulet)
rElec    .         Reflect  .   (no ring)
rCorr    .         Harm     .   (no ring)
MR       .....                  (no ring)
Stlth    +++.......             (no ring)
HPRegen  0.12/turn              (no ring)
MPRegen  0.09/turn              (no ring)
                                (no ring)
                                (no ring)

@: corroded
A: almost no armour, stealthy swim, amphibious, 8 rings, constrict 8, camouflage
1, gelatinous body 1
a: no special abilities


You were on level 2 of the Dungeon.
You were hungry.

You visited 1 branch of the dungeon, and saw 2 of its levels.

You collected 27 gold pieces.

Inventory:

Hand Weapons
 a - a +0 falchion (weapon)
Missiles
 d - 82 stones (quivered)
Scrolls
 e - a scroll of blinking {unknown}
 h - 4 scrolls of teleportation {unknown}
 j - 2 scrolls of identify {unknown}
Potions
 k - a potion of mutation {unknown}
 m - 2 potions of agility {unknown}
Comestibles
 b - 4 rations


   Skills:
 - Level 3.0 Fighting
 * Level 5.5 Long Blades
 + Level 4.3 Dodging
 - Level 2.6 Stealth


You had 4 spell levels left.
You didn't know any spells.
Your spell library was empty.

Dungeon Overview and Level Annotations

Branches:
Dungeon (2/15)

Altars:
Makhleb
Vehumet
Zin


Innate Abilities, Weirdness & Mutations

You cannot wear most types of armour.
You are very stealthy in the water. (Stealth+)
You are amphibious.
You can wear up to eight rings at the same time.
You can use your tentacles to constrict eight enemies at once.
Your skin changes colour to match your surroundings (Stealth+).
Your rubbery body absorbs attacks. (AC +1, EV +1)


Message History

You feel your intelligence returning.
You hit the ooze but do no damage. You squeeze the ooze.
The ooze is heavily wounded.
The ooze closely misses you.
You hit the ooze but do no damage.
The ooze is heavily wounded.
The ooze hits you.
* * * LOW HITPOINT WARNING * * *
You hit the ooze.
The ooze is almost dead.
The ooze hits you.
* * * LOW HITPOINT WARNING * * *
You hit the ooze but do no damage. You squeeze the ooze.
The ooze is almost dead.
The ooze hits you.
* * * LOW HITPOINT WARNING * * *
You hit the ooze but do no damage.
The ooze is almost dead.
The ooze hits you.
You die...

#..# ##########..÷..J##.# #..
##)####......##'PJJ.÷P##.#
##. #..##.......#.#.J....##.#
#. #..'........#.#PP..PP##.#
##
#..'........#.#.JJ...##.#####
##.'......#'#(#P...÷.##......
#.##.....#.#(#J.....##......
#####....#.#J#÷÷..PP##......
#######@##.J.÷.?##.#####
############...... #######


You could see an ooze.

Vanquished Creatures
  2 jellies (D:2)
  Robin (D:1)
  3 adders (D:2)
  5 oozes (D:2)
  4 worms
  2 dart slugs (D:2)
  2 leopard geckos (D:1)
  7 bats
  3 giant cockroaches (D:1)
  13 goblins
  9 hobgoblins
  2 jackals (D:2)
  11 kobolds
  A quokka (D:1)
  8 frilled lizards
  3 rats
76 creatures vanquished.

Vanquished Creatures (others)
  A goblin (D:2)
  4 jackals (D:2)
  9 fungi (D:2)
  5 toadstools (D:2)
19 creatures vanquished.

Grand Total: 95 creatures vanquished

Notes
Turn   | Place    | Note
-------+----------+-------------------------------------------
     0 | D:1      | taqueso the Octopode Monk began the quest for the Orb.
     0 | D:1      | Reached XP level 1. HP: 16/16 MP: 1/1
    30 | D:1      | Reached XP level 2. HP: 21/21 MP: 2/2
   356 | D:1      | Reached XP level 3. HP: 26/26 MP: 3/3
  1017 | D:1      | Reached skill level 4 in Long Blades
  1494 | D:2      | Noticed Robin
  1508 | D:1      | Reached XP level 4. HP: 21/31 MP: 4/4
  1824 | D:1      | Killed Robin
  2418 | D:2      | Found a radiant altar of Vehumet.
  2567 | D:2      | Reached XP level 5. HP: 32/36 MP: 5/5
  2718 | D:2      | Noticed a balrug
  2721 | D:2      | Found a burning altar of Makhleb.
  2735 | D:2      | Found a glowing silver altar of Zin.
  2735 | D:2      | Noticed an angel
  2758 | D:2      | Reached skill level 5 in Long Blades
  3305 | D:2      | Slain by an ooze

Vault maps used:
D:1:      minmay_arrival_radiant_lines
D:2:      cheibrodos_fertilizer, grunt_temple_overflow_order_and_chaos_2,
          fiery_altar_vehumet, first_ration, uniq_robin

Skill      XL: |  1  2  3  4  5 |
---------------+----------------+-----
Long Blades    | 4 5 |  5.5
Dodging        | 4 |  4.3
Fighting       | |  3.0
Stealth        | |  2.6

Action                   |  1- 3 |  4- 6 || total
-------------------------+-------+-------++-------
Melee: Falchion          |    81 |    90 ||   171
       Constrict         |    26 |    17 ||    43
       Tentacles         |    19 |    14 ||    33
Throw: Stone             |    86 |    60 ||   146
  Use: Potion            |     1 |       ||     1
 Stab: Sleeping          |     3 |       ||     3
  Eat: Chunk             |     2 |     5 ||     7
Armor: Skin              |     9 |     3 ||    12
Dodge: Dodged            |    62 |    47 ||   109
       Rpst.: Falchion   |    16 |     9 ||    25

Table legend:
 A = Non-vault XP
 B = Vault XP
 C = Vault XP percentage of total XP
 D = Non-vault monster count
 E = Vault monster count
 F = Vault count percentage of total count
                 A         B        C        D         E       F
            +---------+---------+-------+---------+---------+-------
      Total |     139 |     165 |  54.3 |      51 |      25 |  32.9
            +---------+---------+-------+---------+---------+-------
        D:1 |      58 |      29 |  33.3 |      31 |       8 |  20.5
        D:2 |      81 |     136 |  62.7 |      20 |      17 |  45.9
            +---------+---------+-------+---------+---------+-------
